 Dungeon Crawl Stone Soup version 0.24.1-8-ga250c9d538 (webtiles) character file.

Game seed: 2431654918810426597, levelgen mode: deterministic

19387 H0rd4k the Eclecticist (level 12, -3/62 HPs)
             Began as a Deep Elf Wizard on May 2, 2020.
             Was an Initiate of Gozag.
             Shot with an arrow by a centaur (5 damage)
             ... in a volcano.
             The game lasted 00:55:05 (16578 turns).

H0rd4k the Eclecticist (Deep Elf Wizard)           Turns: 16578, Time: 00:55:07

Health: -3/62      AC:  6    Str:  2 (4)  XL:     12   Next: 36%
Magic:  0/35       EV: 15    Int: 29      God:    Gozag
Gold:   745        SH:  0    Dex: 10 (13) Spells: 36/45 levels left

rFire    x . .     SeeInvis .   I - +5 great sword of Blood-Lust {venom, rPois rF- Stlth+}
rCold    . . .     Gourm    .   (shield currently unavailable)
rNeg     . . .     Faith    .   S - +3 leather armour
rPois    +         Spirit   +   b - +0 hat
rElec    .         Reflect  .   o - scarf {Spirit}
rCorr    .         Harm     .   (no gloves)
MR       +....                  (no boots)
Stlth    +++.......             n - amulet of rage
HPRegen  0.20/turn              M - ring of poison resistance
MPRegen  0.24/turn              E - +3 ring of evasion

@: no status effects
A: no striking features
a: Potion Petition, Call Merchant, Bribe Branch, Renounce Religion, Evoke
Berserk Rage


You were in a volcano.
You worshipped Gozag.
Gozag was pleased with you.
You were hungry.

You visited 3 branches of the dungeon, and saw 15 of its levels.
You also visited: Volcano.

You collected 1277 gold pieces.
You spent 368 gold pieces at shops.
You paid 164 gold pieces to Gozag.

Inventory:

Hand Weapons
 g - a +3 dagger of venom
 I - the +5 great sword of Blood-Lust (weapon) {venom, rPois rF- Stlth+}
   (You bought it in a shop on level 4 of the Dungeon)

   It poisons the flesh of those it strikes.
   It makes you vulnerable to fire.
   It protects you from poison.
   It makes you more stealthy.
Missiles
 s - 33 poisoned darts (quivered)
Armour
 a - a +0 robe
 b - a +0 hat (worn)
 o - a scarf of spirit shield (worn)
 t - a +0 robe of magic resistance
 D - the +0 pair of boots of the World {Int-5 Dex+4}
   (You found it on level 7 of the Dungeon)

   It affects your intelligence (-5).
   It affects your dexterity (+4).
 S - a +3 leather armour (worn)
Magical Staves
 r - an uncursed staff of wizardry
Jewellery
 l - an uncursed ring of protection from magic
 n - an amulet of rage (around neck)
 y - a +2 ring of dexterity
 E - a +3 ring of evasion (right hand)
 G - an uncursed ring of protection from magic
 M - a ring of poison resistance (left hand)
Wands
 J - a wand of digging (13)
 K - a wand of disintegration (13)
 O - a wand of flame (19)
 Q - a wand of random effects (26)
 R - a wand of paralysis (9)
Scrolls
 c - a scroll of amnesia {unknown}
 f - 3 scrolls of teleportation
 h - a scroll of random uselessness {unknown}
 i - 2 scrolls of immolation {unknown}
 j - a scroll of identify
 k - 4 scrolls of enchant armour {unknown}
 p - 2 scrolls of magic mapping
 q - 3 scrolls of fear {unknown}
 w - 6 scrolls of remove curse
 x - a scroll of fog {unknown}
 C - a scroll of vulnerability {unknown}
 F - a scroll of silence {unknown}
 N - a scroll of summoning {unknown}
Potions
 e - 2 potions of heal wounds
 m - 7 potions of curing
 v - 3 potions of ambrosia
 z - 2 potions of flight
 A - 4 potions of brilliance
 B - 3 potions of haste
 H - 2 potions of might
 L - a potion of magic
Miscellaneous
 P - a fan of gales
Comestibles
 d - 8 rations


   Skills:
 + Level 2.3 Fighting
 + Level 0.1 Long Blades
 + Level 6.7 Dodging
 + Level 4.4 Stealth
 + Level 17.0 Spellcasting
 + Level 12.2 Conjurations
   Level 1.1 Summonings
 + Level 4.0 Translocations
 + Level 5.1 Fire Magic
 + Level 4.2 Air Magic
 + Level 3.0 Poison Magic
 + Level 0.9 Evocations


You had 36 spell levels left.
You knew the following spells:

 Your Spells              Type           Power        Failure   Level  Hunger
a - Magic Dart            Conj           ####         1%          1    None
b - Blink                 Tloc           N/A          1%          2    None
c - Conjure Flame         Conj/Fire      ######..     1%          3    None
d - Mephitic Cloud        Conj/Pois/Air  ######..     1%          3    None

Your spell library contained the following spells:

 Spells                   Type           Power        Failure   Level  Hunger
 Apportation              Tloc           #####.       1%          1    None
 Summon Small Mammal      Summ           ####         2%          1    None
 Animate Skeleton         Necr           N/A          4%          1    None
 Confusing Touch          Hex            ###...       4%          1    None
 Call Imp                 Summ           ####....     4%          2    None
 Slow                     Hex            ###.....     6%          2    None


Dungeon Overview and Level Annotations

Branches:
Dungeon (10/15)            Temple (1/1) D:7            Lair (4/6) D:9
Volcano (1/1)
  Swamp: Lair:2-4    Shoals: Lair:2-4     Snake: Lair:2-4    Spider: Lair:2-4
    Orc: D:9-12

Altars:
Ashenzari
Cheibriados
Dithmenos
Elyvilon
Fedhas
Gozag
Hepliaklqana
Kikubaaqudgha
Makhleb
Nemelex Xobeh
Okawaru
Qazlal
Ru
Sif Muna
Trog
Uskayaw
Vehumet
Wu Jian
Xom
Yredelemnul
The Shining One
Beogh

Shops:
D:4 *   D:9 ?

Annotations:
D:5 exclusion: 2 downstairs
D:7 exclusion: downstairs, releu's ghost, novice CeWr
D:8 exclusions: downstairs and upstairs
D:9 2 transporters, TreeFish's ghost, novice HuNe
D:10 exclusion: gargoyle
Lair:1 exclusions: downstairs and oklob plant
Lair:2 exclusion: ice statue


Message History

Press: ? - help, Shift-Dir - straight line, f/p - red draconian
Aim: a red draconian, wielding a +2 broad axe of flaming and wearing a +0 cloak (severely wounded, chance to defeat MR: 52%)
The red draconian is blasted!
The red draconian breathes flames at you.
The searing blast hits you!!! The fire burns you terribly!
* * * LOW HITPOINT WARNING * * *
Evoke which item? (* to show all) (? for menu, Esc to quit)
Aiming: Disintegrate
Press: ? - help, Shift-Dir - straight line, f/p - red draconian
Aim: a red draconian, wielding a +2 broad axe of flaming and wearing a +0 cloak (almost dead, catching its breath, chance to defeat MR: 52%)
The red draconian resists with significant effort.
Casting: Blink (safe; 1% risk of failure)
Confirm with . or Enter, or press ? or * to list all spells.
You blink.
The centaur shoots an arrow.
The arrow hits you!
* * * LOW HITPOINT WARNING * * *
The arrow burns you.
* * * LOW HITPOINT WARNING * * *
The centaur shoots an arrow.
The arrow hits you.
You die...
Your body crumbles into a pile of gold.

$ ##≈§≈≈...§§##
#≈≈≈≈≈......# $
##○≈≈≈.....∩#
#○○≈≈≈..#.∩##
#.#############§.####
.§......######..##
.≈.≈≈.........###
...≈≈≈≈≈§≈≈≈.....###
.≈≈≈≈≈≈≈≈≈§§§@..##
..§§≈≈≈≈≈§§≈.....#
.≈§§≈≈≈≈≈§§....###
..≈§§≈≈≈≈§§§..##
....≈§§.≈d...##
..........c..#
###§§##...# #######.#
c##


You could see a red draconian and a centaur.

Vanquished Creatures
  3 two-headed ogres
  Urug (Lair:1)
  Pikel (D:3)
  A deep elf mage (D:9)
  An elephant (D:9)
  3 black mambas
  A spiny frog (Lair:2)
  A rime drake (Lair:2)
  4 komodo dragons
  An ice devil (Lair:2)
  2 polar bears (Lair:2)
  Prince Ribbit (D:9)
  3 hippogriffs
  5 blink frogs (Lair:1)
  Sigmund (D:3)
  A wraith (D:10)
  23 yaks
  A basilisk (D:9)
  Grum (D:9)
  A hungry ghost (D:9)
  3 porcupines
  4 water moccasins
  7 orc warriors
  4 black bears
  6 ice beasts (Lair:2)
  2 sky beasts
  2 necrophages (D:9)
  A phantom (D:10)
  6 centaurs
  3 ogres
  17 wolves
  3 crocodiles
  6 bullfrogs
  A scorpion (D:8)
  5 killer bees (D:8)
  9 wights
  A howler monkey (D:4)
  3 crimson imps
  A centaur zombie (D:5)
  6 hounds
  Crazy Yiuf (D:7)
  2 jellies
  5 orc priests
  3 bullfrog skeletons
  4 iguanas
  3 orc wizards
  8 worker ants
  A killer bee zombie (D:7)
  A hound zombie (D:6)
  2 hound skeletons
  Robin (D:3)
  A worker ant zombie (D:6)
  3 gnolls (D:7)
  6 adders
  2 shadow imps
  5 white imps
  An adder skeleton (D:6)
  An adder zombie (D:8)
  2 worms (D:3)
  2 dart slugs
  5 leopard geckos
  20 orcs
  A ball python (D:3)
  10 bats
  9 giant cockroaches
  15 goblins
  10 hobgoblins
  4 quokkas
  7 frilled lizards
  A jackal skeleton (D:7)
  6 kobolds
  A leopard gecko skeleton (D:6)
  A quokka zombie (D:5)
  7 rats
297 creatures vanquished.

Vanquished Creatures (others)
  A howler monkey (D:4)
  2 fungi
  2 plants (Lair:1)
  4 withered plants (D:9)
9 creatures vanquished.

Grand Total: 306 creatures vanquished

Notes
Turn   | Place    | Note
-------+----------+-------------------------------------------
     0 | D:1      | H0rd4k the Deep Elf Wizard began the quest for the Orb.
     0 | D:1      | Reached XP level 1. HP: 10/10 MP: 7/7
   195 | D:1      | Reached XP level 2. HP: 15/15 MP: 0/9
   309 | D:1      | Reached skill level 5 in Spellcasting
  1025 | D:2      | Reached XP level 3. HP: 19/19 MP: 9/12
  1029 | D:2      | Learned a level 2 spell: Blink
  1033 | D:2      | Learned a level 3 spell: Conjure Flame
  1037 | D:2      | Learned a level 3 spell: Mephitic Cloud
  1062 | D:2      | You fall into a shaft and drop 2 floors!
  1629 | D:3      | Reached skill level 6 in Spellcasting
  1700 | D:3      | Reached XP level 4. HP: 24/24 MP: 7/14
  1786 | D:3      | Noticed Robin
  1839 | D:3      | Killed Robin
  2228 | D:3      | Noticed Sigmund
  2275 | D:3      | Killed Sigmund
  2275 | D:3      | Reached skill level 7 in Spellcasting
  2275 | D:3      | Reached XP level 5. HP: 17/28 MP: 3/16
  2459 | D:3      | Found a sacrificial altar of Ru.
  2459 | D:3      | Found a snail-covered altar of Cheibriados.
  2461 | D:3      | Reached XP level 6. HP: 32/32 MP: 15/18
  2486 | D:4      | Found Warhem's Assorted Antiques.
  2540 | D:4      | Noticed a slave
  2550 | D:4      | Noticed an orc warrior
  2795 | D:4      | Noticed Pikel
  2801 | D:4      | Noticed a slave
  2802 | D:4      | Noticed a slave
  2826 | D:3      | Killed Pikel
  2826 | D:3      | Reached skill level 8 in Spellcasting
  2826 | D:3      | Reached skill level 5 in Conjurations
  2826 | D:3      | Reached XP level 7. HP: 21/37 MP: 6/21
  2947 | D:4      | Reached skill level 9 in Spellcasting
  3152 | D:4      | Reached skill level 1 in Fighting
  3544 | D:5      | Entered Level 5 of the Dungeon
  3566 | D:5      | Found a glowing golden altar of the Shining One.
  3580 | D:5      | Found a shadowy altar of Dithmenos.
  3646 | D:5      | Reached XP level 8. HP: 43/43 MP: 13/23
  3956 | D:5      | Reached skill level 1 in Air Magic
  3987 | D:5      | Reached skill level 1 in Fire Magic
  4634 | D:5      | Reached skill level 10 in Spellcasting
  4764 | D:6      | Found a shattered altar of Ashenzari.
  5115 | D:6      | Found a glowing golden altar of the Shining One.
  5673 | D:7      | Found a bloodstained altar of Trog.
  5686 | D:7      | Reached skill level 11 in Spellcasting
  5696 | D:7      | Reached XP level 9. HP: 30/47 MP: 4/26
  5811 | D:7      | Found a runed translucent door.
  5812 | D:7      | Noticed Crazy Yiuf
  5918 | D:7      | Noticed releu's ghost (novice CeWr)
  5919 | D:7      | Found a runed translucent gate.
  5919 | D:7      | Found a runed translucent gate.
  5919 | D:7      | Identified the +6 chain mail of the Storm King {rElec
                  | Stlth+}
  5920 | D:7      | Found a roughly hewn altar of Beogh.
  5920 | D:7      | Found a runed translucent gate.
  6302 | D:7      | Found a staircase to the Ecumenical Temple.
  6514 | D:7      | Reached skill level 12 in Spellcasting
  6514 | D:7      | Reached skill level 1 in Poison Magic
  7051 | D:8      | Noticed a two-headed ogre
  7284 | D:8      | Found a burning altar of Makhleb.
  7440 | D:8      | Killed a two-headed ogre
  7440 | D:8      | Reached skill level 13 in Spellcasting
  7440 | D:8      | Reached XP level 10. HP: 52/52 MP: 17/29
  8008 | D:9      | Noticed Grum
  8009 | D:9      | Noticed a two-headed ogre
  8118 | D:9      | Killed Grum
  8322 | D:9      | Killed a two-headed ogre
  8367 | D:9      | Found an ancient bone altar of Kikubaaqudgha.
  8391 | D:9      | Found a transporter.
  8391 | D:9      | Noticed TreeFish's ghost (novice HuNe)
  8392 | D:9      | Noticed a spectral centaur warrior
  8392 | D:9      | Noticed a spectral centaur warrior
  8410 | D:9      | Found an ancient bone altar of Kikubaaqudgha.
  8410 | D:9      | Noticed a deep elf mage
  8416 | D:9      | Killed a deep elf mage
  8416 | D:9      | Reached skill level 5 in Dodging
  8416 | D:9      | Reached skill level 10 in Conjurations
  8475 | D:9      | Noticed Prince Ribbit
  8487 | D:9      | Killed Prince Ribbit
  8574 | D:9      | Noticed a +0 hand axe
  8575 | D:9      | Found a hide-covered altar of Uskayaw.
  8575 | D:9      | Noticed a +0 hand axe
  8656 | D:9      | Found Huetaxze's Magic Scroll Emporium.
  8656 | D:9      | Noticed a two-headed ogre
  8680 | D:9      | Killed a two-headed ogre
  8680 | D:9      | Reached skill level 14 in Spellcasting
  8806 | D:9      | Reached XP level 11. HP: 57/57 MP: 24/31
  9255 | D:9      | Noticed a death knight
  9296 | D:9      | Found a shimmering blue altar of Sif Muna.
  9355 | D:9      | Found a transporter.
  9469 | D:9      | Found a stormy altar of Qazlal.
  9469 | D:9      | Found an ornate altar of the Wu Jian Council.
  9510 | D:9      | Found a staircase to the Lair.
  9664 | D:10     | Entered Level 10 of the Dungeon
 10056 | D:10     | Reached skill level 15 in Spellcasting
 10920 | Temple   | Entered the Ecumenical Temple
 10963 | Temple   | Became a worshipper of Gozag Ym Sagoz the Greedy
 11079 | Lair:1   | Entered Level 1 of the Lair of Beasts
 11605 | Lair:1   | Reached skill level 16 in Spellcasting
 11874 | Lair:1   | Noticed an oklob plant
 11907 | Lair:1   | Found a burning altar of Makhleb.
 11922 | Lair:1   | Noticed Urug
 11953 | Lair:1   | Killed Urug
 12895 | Lair:2   | Reached XP level 12. HP: 62/62 MP: 22/34
 13560 | Lair:2   | Reached skill level 5 in Fire Magic
 15123 | D:7      | Got a pair of ichor-stained boots
 15174 | D:9      | Identified the cursed +0 pair of boots of the World {Int-5
                  | Dex+4} (You found it on level 7 of the Dungeon)
 15296 | D:4      | Bought a crystal great sword for 368 gold pieces
 15296 | D:4      | Identified the +5 great sword of Blood-Lust {venom, rPois
                  | rF- Stlth+} (You bought it in a shop on level 4 of the
                  | Dungeon)
 15444 | D:7      | Killed Crazy Yiuf
 16014 | Lair:4   | Reached skill level 17 in Spellcasting
 16312 | Lair:4   | Noticed an ice dragon
 16454 | Lair:4   | Found a dark tunnel.
 16466 | Volcano  | Entered a volcano
 16561 | Volcano  | Noticed a red draconian
 16578 | Volcano  | HP: 2/62 [centaur/arrow (2)]
 16578 | Volcano  | Shot with an arrow by a centaur

Levels and vault maps discovered:
D:1:      sevenhm_arrival_forest_fort_large_2, layout_basic
D:2:      layout_basic, zin_academy
D:3:      layout_basic, gammafunk_temple_overflow_pools, first_ration,
          chequers_serial_rivers_micro_a, uniq_robin, uniq_sigmund
D:4:      layout_cave_pools, serial_shops,
          nicolae_shop_temple_entry_statues_fountains, uniq_pikel
D:5:      layout_loops_ring, grunt_dithmenos_smoke_and_mirrors, basic_altar,
          minmay_fire_ice_demons
D:6:      layout_cave_pools, lemuel_crystal_altar, lemuel_crystal_altar,
          chequers_serial_rivers_micro_b
D:7:      layout_gridville, trog_ov_bears_minmay, minmay_temple_entry_poolview,
          biasface_ghost_orc_armoury, uniq_crazy_yiuf_cottage
D:8:      layout_loops_ring, kennysheep_mini_moat
D:9:      layout_basic, dancing_weapons_uskayaw, kiku_gazebo_garden_becter,
          old_standard_altar, gammafunk_temple_overflow_elements,
          david_lair_generic, gammafunk_ghost_mausoleum, serial_shops,
          nicolae_shop_stone, david_defended_altar_elf, uniq_grum,
          uniq_prince_ribbit1
D:10:     layout_basic
Temple:   jpeg_temple_island
Lair:1:   layout_gridlike, nicolae_lair_grove_arrangements, lemuel_oklob_altar,
          uniq_urug
Lair:2:   layout_loops_ring, nicolae_quartered_pool_super, ice2_lemuel
Lair:3:   layout_gridlike, minmay_swamp_entry_reptiles,
          guppyfry_snake_entry_island
Lair:4:   layout_misc_corridors, nicolae_volcano_entry_vermiform,
          bobbens_ice_dragon_lair
Volcano:  volcano_pools

Skill      XL: |  1  2  3  4  5  6  7  8  9 10 11 12 |
---------------+-------------------------------------+-----
Spellcasting   | 5 6 7 8 9 11 13 14 16 17 | 17.0
Conjurations   | 4 5 7 8 10 11 12 | 12.2
Stealth        | 3 4 |  4.4
Dodging        | 4 5 6 |  6.7
Fighting       | 1 2 |  2.3
Air Magic      | 1 2 3 4 |  4.2
Fire Magic     | 1 3 4 5 |  5.1
Translocations | 2 3 4 |  4.0
Poison Magic   | 1 2 3 |  3.0
Long Blades    | |  0.1
Summonings     | |  1.1
Evocations     | |  0.9

Action                   |  1- 3 |  4- 6 |  7- 9 | 10-12 || total
-------------------------+-------+-------+-------+-------++-------
Melee: Dagger            |     2 |     6 |     1 |       ||     9
       Great sword       |       |       |       |     8 ||     8
       Staff             |       |       |       |     1 ||     1
 Cast: Magic Dart        |   114 |    77 |   299 |   639 ||  1129
       Conjure Flame     |       |     5 |    42 |   113 ||   160
       Mephitic Cloud    |       |     3 |    20 |    43 ||    66
       Blink             |       |     2 |    12 |    24 ||    38
Evoke: Wand              |       |       |     4 |    24 ||    28
  Use: Scroll            |       |       |       |    15 ||    15
       Potion            |       |       |       |     6 ||     6
  Eat: Chunk             |     2 |     3 |    10 |    11 ||    26
       Ration            |       |       |     1 |     5 ||     6
Armor: Robe              |     2 |     4 |     2 |    14 ||    22
Dodge: Dodged            |     7 |    23 |    46 |   159 ||   235
       Rpst.: Great sword |       |       |       |     4 ||     4
